Cogmind - Beta 13 @@@ ROGUE MODE // 2024.07.01 @ 16:14:54 Player: ZergFTW Result: Self-destructed Performance ------------- Evolutions (1) 500 Regions Visited (2) 400 Robots Destroyed (32) 160 Value Destroyed (368) 368 Prototype IDs (0) 0 Alien Tech Used (0) 0 Bonus (8) 8 TOTAL SCORE: 1436 Bonus ------- High Alert Combat Kills 8 Cogmind --------- Core Integrity 154/400 Matter 297/300 Energy 100/100 System Corruption 0% Temperature Cool (0) Movement Core (200) Ox3 Location -9/Materials Parts ------- > --- POWER (1) -------- (None) > --- PROPULSION (4) --- (None) > --- UTILITY (2) ------ Medium Storage Unit > --- WEAPON (2) ------- (None) > --- INVENTORY (10) --- Light Ion Engine Flight Unit Flight Unit Large Storage Unit High-capacity Matter Pod (63) Structural Scanner Signal Interpreter Hacking Suite Light Assault Rifle Flail Peak State ------------ > --- POWER ------------ Light Ion Engine > --- PROPULSION ------- Flight Unit Flight Unit Flight Unit Flight Unit > --- UTILITY ---------- Medium Storage Unit Sensor Array > --- WEAPON ----------- Small Laser Mini Grenade Launcher > --- INVENTORY -------- Light Ion Engine Wheel Flight Unit Flight Unit Large Storage Unit Small Matter Pod Signal Interpreter Hacking Suite Light Assault Rifle Mining Laser [Rating: 11] Favorites ----------- Power Light Ion Engine Engine Light Ion Engine Propulsion Flight Unit Treads Light Treads Leg Aluminum Leg Wheel Wheel Flight Unit Flight Unit Utility Seismic Detector Device Seismic Detector Storage Large Storage Unit Weapon Small Laser Energy Gun Small Laser Ballistic Gun Light Assault Rifle Launcher Mini Grenade Launcher Special Weapon Mining Laser Impact Weapon Flail Build | -11 -10 -9 ------- Run | Yrd Mat Mat Slots Evolved 2 | . . 2 Power . | . . . Propulsion 2 | . . 2 Utility . | . . . Weapon . | . . . Parts Attached 33 | 10 5 18 Power 3 | 1 1 1 Engine 3 | 1 1 1 Core . | . . . Reactor . | . . . Propulsion 11 | 5 . 6 Treads 1 | 1 . . Leg 1 | 1 . . Wheel 4 | 3 . 1 Hover . | . . . Flight 5 | . . 5 Utility 5 | 2 1 2 Device 2 | 1 . 1 Storage 3 | 1 1 1 Processor . | . . . Hackware . | . . . Protection . | . . . Artifact . | . . . Weapon 14 | 2 3 9 Energy Gun 3 | 1 1 1 Energy Cannon . | . . . Ballistic Gun 4 | 1 1 2 Ballistic Cannon . | . . . Launcher 3 | . . 3 Special Weapon 3 | . 1 2 Impact Weapon 1 | . . 1 Slashing Weapon . | . . . Piercing Weapon . | . . . Special Melee Weapon . | . . . Unidentified Prototypes . | . . . Parts Lost 9 | . . 9 Power 1 | . . 1 Propulsion 5 | . . 5 Utility 1 | . . 1 Weapon 2 | . . 2 Highest Loss Streak 9 | . . 9 To Critical Strikes . | . . . Average Slot Usage (%) 97 | . 100 94 Engine 12 | . 14 9 Wheel 16 | . 28 . Flight 16 | . . 40 Device 12 | . 14 10 Storage 12 | . 14 11 Energy Gun 17 | . 22 9 Ballistic Gun 3 | . 3 3 Launcher 1 | . . 3 Special Weapon 2 | . 1 3 Naked Turns . | . . . Heaviest Build 29 | 13 29 16 Greatest Support 26 | 26 20 16 Greatest Overweight (x) 3 | . 1 3 Average Overweight (x) . | . . . Largest Inventory Capacity 15 | 8 15 15 Average Capacity 11 | 7 14 10 Most Carried 15 | 8 15 14 Average Carried 10 | 6 12 10 Final Capacity 15 | 8 15 10 Final Carried 15 | 7 15 10 Class Distribution -------------------- 59% | Mutant 33% | Scavenger-Sprinter 7% | Scavenger-Mutant Dominant Class ---------------- Mutant | -10/Materials Scavenger-Sprinter | -9/Materials Resources | -11 -10 -9 ----------- Run | Yrd Mat Mat Matter Collected 650 | 353 60 237 Remotely . | . . . Salvage Created 735 | 142 335 258 Parts 65 | 13 31 21 Haulers Intercepted 3 | . 2 1 Recyclers Shooed . | . . . Parts Field Recycled . | . . . Retrieved Matter . | . . . Parts Self-Destructed . | . . . Prevented . | . . . Kills | -11 -10 -9 ------- Run | Yrd Mat Mat Combat Hostiles Destroyed 15 | . 5 10 Guns 7 | . 5 2 AOE 8 | . . 8 Classes Destroyed 9 | 3 6 . Worker 4 | 2 2 . Builder 3 | . 1 2 Tunneler 2 | 2 . . Hauler 3 | . 2 1 Recycler 2 | 1 . 1 Operator 2 | . 2 . Watcher 1 | . 1 . Swarmer 11 | . 3 8 Grunt 4 | . 2 2 Best Kill Streak 7 | 3 4 7 Combat Bots Only 6 | . 3 6 Max Kills in Single Turn 4 | 1 1 4 Gunslinging . | . . . Exploded 3 | . . 3 Melee . | . . . Uniques/NPCs Destroyed . | . . . Combat | -11 -10 -9 -------- Run | Yrd Mat Mat Hostile Shots Fired 110 | . 27 83 Missed 43 | . 11 32 Damage Taken 876 | . 216 660 Core 312 | . 66 246 Absorbed by Shields . | . . . Core Remaining (%) 86 | 100 73 . Volleys Fired 71 | 7 41 23 Largest 2 | 2 2 2 Hottest 140 | 60 140 140 Shots Fired 137 | 14 81 42 Gun 124 | 14 77 33 Cannon . | . . . Launcher 3 | . . 3 Special 10 | . 4 6 Kinetic 29 | 7 10 12 Thermal 105 | 7 71 27 Explosive 3 | . . 3 Electromagnetic . | . . . Robot Hit Streak 8 | 6 5 8 Robot Miss Streak 5 | 2 3 5 Penetration Max . | . . . Secondary Targets 3 | . 2 1 Max Gunslinging Chain 1 | . 1 1 Shots Hit Robots 70 | 8 42 20 Core Hits 45 | 6 20 19 Critical Kills . | . . . Critical Parts Destroyed . | . . . Critical Strikes 1 | . 1 . Burn 1 | . 1 . Melee Attacks 1 | . . 1 Impact 1 | . . 1 Slashing . | . . . Piercing . | . . . Sneak Attacks . | . . . Combat Hostiles . | . . . Follow-up Attacks . | . . . Damage Inflicted 1507 | 89 463 955 Guns 741 | 89 463 189 Cannons . | . . . Explosions 766 | . . 766 Melee . | . . . Ramming . | . . . Kinetic 120 | 15 42 63 Thermal 621 | 74 421 126 Explosive 766 | . . 766 Electromagnetic . | . . . Impact . | . . . Slashing . | . . . Piercing . | . . . Highest Corruption . | . . . Average Corruption . | . . . Corruption Purged . | . . . Corruption Blocked . | . . . Overload Shots . | . . . Overflow Damage 67 | . . 67 Projectiles . | . . . Explosions 67 | . . 67 Melee . | . . . Knockbacks . | . . . Impact . | . . . Kinetic . | . . . Secondary . | . . . Self-Inflicted Damage 93 | . . 93 Shots 2 | . . 2 Rammed . | . . . Targets Rammed . | . . . Kicked . | . . . Crushed . | . . . Highest Temperature 480 | 20 480 48 Average Temperature 89 | 13 136 21 Received Heat Transfer 249 | . 147 102 Effects 6 | . 6 . Shutdowns 2 | . 2 . Energy Bleed 1 | . 1 . Damage (major) 3 | . 3 . Siege Activations . | . . . Robots Corrupted . | . . . Combat Hostiles . | . . . Parts Fried . | . . . Impact Corruptions . | . . . Robots Melted . | . . . Combat Hostiles . | . . . Parts Melted 2 | . 2 . Heat Transferred 1569 | 175 1119 275 Parts Sabotaged . | . . . Parts Stolen . | . . . Parts Stripped . | . . . Power Chain Reactions . | . . . Alert | -11 -10 -9 ------- Run | Yrd Mat Mat Peak Influence 410 | 25 202 410 Initial 16 | . 16 2 Average 98 | 9 127 96 Maximum Alert Level 2 | . 1 2 Low Security (%) 86 | 100 84 82 Level 1 12 | . 15 14 Level 2 1 | . . 3 Level 3 . | . . . Level 4 . | . . . Level 5 . | . . . High Security . | . . . Max Security . | . . . Squads Dispatched 3 | . 1 2 Investigation 1 | . 1 . Extermination . | . . . Reinforcement 2 | . . 2 Assault . | . . . Garrison . | . . . Intercept . | . . . Searches Triggered . | . . . Construction Impeded . | . . . Haulers Reinforced . | . . . Active Scanning Responses . | . . . Cargo Convoy Interrupts . | . . . Stealth | -11 -10 -9 --------- Run | Yrd Mat Mat Distress Signals 2 | . . 2 Communications Jammed . | . . . Distress Signals . | . . . Times Spotted 32 | . 9 23 Peak Tracking Total 12 | . 3 12 Tactical Retreats 3 | . . 3 Traps | -11 -10 -9 ------- Run | Yrd Mat Mat Traps Triggered . | . . . Indirectly . | . . . Trap Hack Attempts . | . . . Triggered . | . . . Disarmed . | . . . Reprogrammed . | . . . Reused . | . . . Traps Extracted . | . . . Installed . | . . . Triggered . | . . . Machines | -11 -10 -9 ---------- Run | Yrd Mat Mat Machines Disabled 1 | . . 1 Max in Single Turn 1 | . . 1 Machines Repaired . | . . . Machines Dismantled . | . . . Machines Sabotaged . | . . . Overloaded Fab Kills . | . . . Hacking | -11 -10 -9 --------- Run | Yrd Mat Mat Machines Accessed 4 | . 2 2 Terminals 3 | . 2 1 Fabricators . | . . . Repair Stations . | . . . Recycling Units 1 | . . 1 Scanalyzers . | . . . Garrison Access . | . . . Total Hacks 11 | . 6 5 Successful 6 | . 2 4 Failed 5 | . 4 1 Catastrophic 2 | . 1 1 Database Lockouts . | . . . Manual 9 | . 5 4 Terminals 10 | . 6 4 Fabricators . | . . . Repair Stations . | . . . Recycling Units 1 | . . 1 Scanalyzers . | . . . Garrison Access . | . . . Terminal Hacks 4 | . 1 3 Branch Access Points 1 | . . 1 Terminal Index 2 | . 1 1 Locate Traps 1 | . . 1 Fabricator Hacks . | . . . Repair Station Hacks . | . . . Recycling Unit Hacks 1 | . . 1 Report Inventory 1 | . . 1 Scanalyzer . | . . . Garrison Access Hacks . | . . . Unauthorized Hacks 1 | . 1 . Terminals 1 | . 1 . Assimilate 1 | . 1 . Fabricators . | . . . Repair Stations . | . . . Recycling Units . | . . . Scanalyzers . | . . . Garrison Access . | . . . Data Cores Recovered 1 | . 1 . Used 1 | . 1 . Hacking Detections 3 | . 2 1 Full Trace Events 1 | . 1 . Feedback Events . | . . . Feedback Blocked . | . . . Robot Schematics Acquired . | . . . Robots Built . | . . . Authchips . | . . . Time . | . . . Total Robot Build Rating . | . . . Part Schematics Acquired . | . . . Parts Built . | . . . Authchips . | . . . Time . | . . . Total Part Build Rating . | . . . Parts Repaired . | . . . Time . | . . . Parts Recycled . | . . . Recycled Matter . | . . . Retrieved Matter . | . . . Retrieved Components . | . . . Parts Scanalyzed . | . . . Part Schematics Acquired . | . . . Parts Damaged . | . . . Bothacking | -11 -10 -9 ------------ Run | Yrd Mat Mat Used RIF Installer . | . . . Robots Hacked . | . . . Non-combat . | . . . Combat . | . . . Robot Hacks Applied . | . . . Relay Couplers Released . | . . . Fabnet Peak Effective % . | . . . Robots Rewired . | . . . Allies Hacked . | . . . Hacks Repelled . | . . . Allies | -11 -10 -9 -------- Run | Yrd Mat Mat Total Allies . | . . . Largest Group . | . . . Highest-Rated Group . | . . . Highest-Rated Ally . | . . . Total Orders . | . . . Ally Attacks . | . . . Total Damage . | . . . Kills . | . . . Allies Corrupted . | . . . Allies Melted . | . . . Intel | -11 -10 -9 ------- Run | Yrd Mat Mat Robot Analysis Total . | . . . Derelict Logs Recovered . | . . . Drone Launches . | . . . Drone Recoveries . | . . . Exploration | -11 -10 -9 ------------- Run | Yrd Mat Mat Turns Passed 860 | 133 432 295 Spaces Moved 775 | 99 287 389 Core 14 | 10 . 4 Treads 2 | 2 . . Legs 11 | 11 . . Wheels 369 | 76 287 6 Hover . | . . . Flight 379 | . . 379 Fastest Speed 31 | 50 80 31 Average Speed 62 | 85 93 33 Slowest Speed 200 | 160 95 200 Overloaded Moves . | . . . Propulsion Burnouts . | . . . Robots Hopped 14 | . . 14 Cave-ins Triggered . | . . . Exploration Rate (%) 20 | 4 30 28 Regions Visited 2 Branch Regions . Pre-discovered Areas . | . . . Known Exits Taken . | . . . Unknown Exits Taken 2 | 1 1 . Scrap Searched . | . . . Spaces Dug 9 | . 3 6 Terrain Destroyed 44 | . 3 41 Melee 1 | . . 1 Projectile 9 | . 3 6 AOE 34 | . . 34 Terrain Rammed . | . . . Walls Destroyed . | . . . Machines Disabled . | . . . Actions | -11 -10 -9 --------- Run | Yrd Mat Mat Total 979 | 132 365 482 Wait 61 | 1 11 49 Move 750 | 98 286 366 Hop 9 | . . 9 Pick Up 36 | 13 15 8 Fast Attach 4 | 4 . . Attach 6 | 3 . 3 Detach . | . . . Swap 23 | 3 5 15 Drop 18 | 3 7 8 Fire 71 | 7 41 23 Melee 1 | . . 1 Ram . | . . . Kick . | . . . Crush . | . . . Escape Stasis . | . . . Rewire . | . . . Trap . | . . . Miscellaneous . | . . . Route ------- -11/Scrapyard -10/Materials -9/Materials (discovered 1 exit: Min) History --------- Turn | Location | Event 11 | -11/Scrapyard | Discovered new exit (range 15) 134 | -11/Scrapyard | Entered Materials 279 | -10/Materials | Discovered new exit (range 14) 308 | -10/Materials | Build established: Mutant 566 | -10/Materials | Entered another Materials area 566 | -9/Materials | Evolved 2 slots: Propulsion x2 630 | -9/Materials | Identified exit to Mines 859 | -9/Materials | Core integrity fell below 50% 861 | -9/Materials | Self-destructed Last Messages --------------- 00842_ Flight Unit destroyed. 00842_ Destroyed Flight Unit. 00842_ S-10 Pest destroyed. 00842_ Flight Unit destroyed. 00842_ Destroyed Flight Unit. 00842_ Flight Unit destroyed. 00842_ Destroyed Flight Unit. 00842_ Flight Unit destroyed. 00842_ Destroyed Flight Unit. 00842_ S-10 Pest destroyed. 00842_ U-05 Engineer destroyed. 00842_ G-34 Mercenary destroyed. 00842_ Mni. Grenade Launcher destroyed. 00845_ Sml. Laser destroyed. 00846_ Acquired 2 matter. 00848_ Acquired 15 matter. 00851_ Sensor Array destroyed. 00851_ Wheel destroyed. 00852_ Acquired Flight Unit. 00857_ The unstable cave ceiling collapses. Map ----- +----------------------------------------------------+ | "" # ######### # | [ [ # + #? | | # # # #! =*= + ######## #? | | # # "" # # *# ##?????# #? | | #### + [ T" # ##### # ######?# #?? | | ???# # [ "" # ######### ### #?? | | ???# # # / #??? | | ??## ######### ######### ### #??? | | ??# #??????# ############## #?# #???? | | ??# #??????# # *** ## #?######+###???? | | ??# ######## # *** # #?????????????? | | ??# ## # *** # ????????????? | | ??# ## # / ??????????? | | ??### #### """ # # ?????????? | | #####/#### """ # # ##### ????????? | | # # """ # #######????? ???????? | | #""""" # ##+##### ###????????????? ??????? | | #""""" # + #?????????????????????????? | | #""""" # """ # ##????????????????????????? | | #""""" # """ #YYY ##???????????????????????? | | #""""" # """ #[ #???????????????????????? | | #""""" + #%g #???????????????????????? | | #""""" # #[[ * #???????????????????????? | | # # "" #* w #???????????????????????? | | ########## "" # ##???????????????????????? | | ????????# "T !## ########????????????????? | | ????????# ?""a @ == #????????????????? | | ????????? ? "" =! #????????????????? | | ?????????? #????>???????????? | | ????????? #????????????????? | | ?????????## ######### #????????????????? | | ??????????#?????????# #????????????????? | | ????????????????????# #????????????????? | | ????????????????????# #????????????????? | | ????????????????????# #????????????????? | | ????????????????????# #####+###????????????????? | | ????????????????????# #????????????????????????? | | ????????????????????# #????????????????????????? | | ????????????????????# ?????????????????????????? | | ????????????????????# ?????????????????????????? | | ???????????????????? ?????????????????????????? | | ?????????????????????? ?????????????????????????? | | ?????????????????????????????????????????????????? | | ?????????????????????????????????????????????????? | | ?????????????????????????????????????????????????? | | ?????????????????????????????????????????????????? | | ?????????????????????????????????????????????????? | | ?????????????????????????????????????????????????? | | ?????????????????????????????????????????????????? | | ?????????????????????????????????????????????????? | | ?????????????????????????????????????????????????? | +----------------------------------------------------+ Best States ------------- Heat Dissipation 28 Energy Generation 10 Energy Capacity 250 Matter Stores 300 Matter Capacity 300 Sight Range 16 Robot Scan Range 14 Terrain Scan Density 10 Evasion (%) 63 Item Schematics ----------------- None Robot Schematics ------------------ None Fabricated ------------ Nothing Alien Tech Used ----------------- None Achievements -------------- None Challenges ------------ None Game ------ Seed InertialSignalScreen Manual? 0 Play Time 00:19:27 Cumulative 49.5 hours Start 2024.06.30 @ 22:05:10 End 2024.07.01 @ 16:14:54 Sessions 3 Manual Loads 0 Difficulty Rogue Special Mode None Game No. 37 Rogue 36 Adventurer 1 Explorer 0 Win Type - Total 0 Types 0/0/0/0/0/0/0/0/0 Lore% 25 Gallery% 30 Achievement% 28 Wizard Run 0 Options --------- Layout 1 ASCII 0 Keyboard 0 Movement Mouse Keybinds 0 Fullscreen 2 Font 24/Proggy Map View 76x35 Zoom Use 0% Tactical HUD 1 Map Filters NONE Filters NONE Steam 1 RUN: 0180bb4d-d5a5-4dcd-9d17-7c634e6ad7ca